 Dungeon Crawl Stone Soup version 0.30-a0-949-g53dc5368d7 (webtiles) character file.

Game seed: 13277553960533042290

3222 porpoise the Cutter (level 9, -2/68 HPs)
             Began as a Demonspawn Enchanter on Mar 28, 2023.
             Was a Follower of Dithmenos.
             Slain by an orc warlord
             ... wielding a +9 battleaxe
              (20 damage)
             ... in a bailey.
             The game lasted 00:37:51 (8898 turns).

porpoise the Cutter (Demonspawn Enchanter)          Turns: 8898, Time: 00:37:52

Health: -2/68      AC:  6    Str:  8    XL:     9   Next: 66%
Magic:  16/16      EV: 12    Int: 19    God:    Dithmenos [*.....]
Gold:   247        SH:  0    Dex: 16    Spells: 10/18 levels left

rFire   . . .      SeeInvis .    a - +2 dagger
rCold   . . .      Faith    .    (no shield)
rNeg    . . .      Spirit   .    p - +0 robe
rPois   .          Reflect  .    (helmet restricted)
rElec   .          Rampage  .    (no cloak)
rCorr   .                        x - +0 pair of gloves
Will    .....                    h - +0 pair of boots
Stlth   ++++                     (no amulet)
HPRegen 0.31/turn                (no ring)
MPRegen 0.15/turn                (no ring)

@: wreathed by umbra, invisible
A: antennae 2, icy blue scales 1, demonic magic 1
a: Renounce Religion


You were in a bailey.
You worshipped Dithmenos.
Dithmenos was aware of your devotion.
You visited 2 branches of the dungeon, and saw 8 of its levels.
You also visited: Bailey.

You collected 247 gold pieces.

Inventory:

Hand Weapons
 a - a +2 dagger (weapon)
 b - a +0 sling
 G - a +6 flail of draining
Missiles
 f - 36 boomerangs (quivered)
 l - 10 poisoned darts
 y - 6 atropa-tipped darts
Armour
 h - a +0 pair of boots (worn)
 o - the +2 leather armour "Fiuclewneff" {rN+ Stlth+}
   (You found it on level 2 of the Dungeon)

   rN:        It protects you from negative energy.
   Stlth:     It makes you more stealthy.
 p - a +0 robe (worn)
 u - an orb of energy
 x - a +0 pair of gloves (worn)
Magical Staves
 B - a staff of fire
Jewellery
 D - a ring of flight
Wands
 n - a wand of polymorph (14)
 v - a wand of iceblast (15)
Scrolls
 d - a scroll of fear
 e - 2 scrolls of vulnerability
 i - 2 scrolls of teleportation
 k - a scroll of noise
 t - 5 scrolls of enchant weapon
 w - a scroll of identify
 A - a scroll of poison
 C - a scroll of amnesia {unknown}
 E - a scroll of immolation {unknown}
 F - a scroll of torment {unknown}
 H - a scroll of magic mapping
 I - 2 scrolls of blinking
 J - a scroll of fog {unknown}
Potions
 c - 3 potions of invisibility
 g - 2 potions of heal wounds
 j - 4 potions of curing
 m - 3 potions of flight
 q - 3 potions of attraction
 r - 2 potions of mutation
 s - 4 potions of might
 z - a potion of haste


   Skills:
 - Level 5.0 Fighting
 + Level 6.7 Short Blades
 - Level 1.7 Dodging
 + Level 6.6 Stealth
 - Level 5.0 Spellcasting
 - Level 5.0 Hexes
 + Level 4.6 Ice Magic


You had 10 spell levels left.
You knew the following spells:

 Your Spells              Type           Power      Damage    Failure   Level
a - Confusing Touch       Hex            23%        N/A       4%          3
e - Ensorcelled Hibernat  Hex/Ice        46%        N/A       2%          2
t - Tukima's Dance        Hex            23%        N/A       4%          3

Your spell library contained the following spells:

 Spells                   Type           Power      Damage    Failure   Level
 Beastly Appendage        Tmut           8%         N/A       12%         1
 Dazzling Flash           Conj/Hex       28%        N/A       13%         3
 Wereblood                Tmut           4%         N/A       19%         2
 Kindle Blastsparks       Fire/Tloc/Air  8%         2d10      36%         3
 Spider Form              Tmut/Pois      4%         N/A       36%         3
 Fulminant Prism          Conj/Hex       7%         3d7       41%         4
 Iskenderun's Mystic Bla  Conj/Tloc      4%         2d3       77%         4
 Lee's Rapid Deconstruct  Erth           2%         3d4*      98%         5


Dungeon Overview and Level Annotations

Branches:
Dungeon (7/15)             Temple (1/1) D:5          Bailey (1/1)

Altars:
Ashenzari
Cheibriados
Dithmenos
Fedhas
Gozag
Hepliaklqana
Kikubaaqudgha
Makhleb
Nemelex Xobeh
Okawaru
Qazlal
Ru
Sif Muna
Trog
Uskayaw
Vehumet
Wu Jian
Xom
Yredelemnul

Shops:
D:4 *   D:6 :


Innate Abilities, Weirdness & Mutations

You have a pair of antennae on your head.
You are partially covered in icy blue scales. (AC +2)
Spells you cast may paralyse adjacent enemies.


Message History

You hit the hobgoblin but do no damage. The hobgoblin closely misses you.
You hit the hobgoblin but do no damage. You hit the hobgoblin but do no damage.
The hobgoblin misses you.
You closely miss the hobgoblin.
The hobgoblin hits you but does no damage.
Casting: Ensorcelled Hibernation (safe; 2% risk of failure)
Confirm with . or Enter, or press ? or * to list all spells.
Aiming: Ensorcelled Hibernation (safe; 2% risk of failure)
Press: ? - help, Shift-Dir - straight line, f - hobgoblin
Aim: a hobgoblin, wielding a +0 hand axe and wearing a +0 leather armour (umbra, chance to affect: 72%)
The hobgoblin struggles to resist.
Malevolent energies surge around you.
The hobgoblin suddenly stops moving!
The helpless hobgoblin fails to defend itself.
You stick the hobgoblin like a pincushion!!!
You kill the hobgoblin!
Dithmenos accepts your kill.
Things that are here:
a +0 hand axe; a +0 leather armour
There is an open door here.
There is an open door here.
Things that are here:
a +0 hand axe; a +0 leather armour
There is an open door here.
Found a gate leading back out of this place.
You open the gate.
You fade into invisibility!
You hit the orc warlord but do no damage.
You hit the orc warlord but do no damage.
The orc warlord closely misses you.
You hit the orc warlord but do no damage.
You closely miss the orc warlord.
The orc warlord hits you with a +9 battleaxe!
You hit the orc warlord but do no damage.
The orc warlord hits you with a +9 battleaxe!
You hit the orc warlord but do no damage.
You barely miss the orc warlord.
The orc warlord hits you with a +9 battleaxe!!
* * * LOW HITPOINT WARNING * * *
The orc warlord hits you with a +9 battleaxe!!
You die...

##### ##### ##...## ##...##
##..)))## ##.....##
##.......#######.......##
##..8..8...........8..8..##
#.........................#
#..........@..............#
#...8......#o''#......8...#
##......####~~~####......##
♣##.....#~~~~~~~~~#.....##♣
♣.##....#~.8...8.~#....##.♣
♣♣..###'###.......###)###..♣♣
♣...~~~.# ~.8...8.~~#.)~~...♣
♣...~~~.# .........~#)~~~...♣
∩...~~).# ...∩.. #÷~~~...∩


You could see an orc warlord (unable to see you).

Vanquished Creatures
  Pikel (D:5)
  Grinder (D:5)
  A wyvern (D:7)
  Sigmund (D:5)
  Menkaure (D:5)
  Edmund (D:5)
  A water moccasin (D:6)
  5 orc warriors
  A centaur (D:7)
  A bullfrog (D:6)
  6 scorpions
  3 wights (D:6)
  A howler monkey (D:4)
  5 hounds
  3 jellies (D:5)
  A gnoll bouda (D:5)
  An orc priest (D:5)
  Jessica (D:2)
  An iguana (D:4)
  2 sleepcaps
  8 adders
  18 gnolls
  A shadow imp (D:6)
  A worm (D:5)
  2 dart slugs
  9 orcs
  11 ball pythons
  2 endoplasms (D:3)
  6 giant cockroaches
  7 goblins
  11 hobgoblins
  5 jackals
  7 quokkas
  7 bats
  8 frilled lizards
  17 kobolds
  2 rats (D:1)
160 creatures vanquished.

Notes
Turn   | Place    | Note
-------+----------+-------------------------------------------
     0 | D:1      | porpoise the Demonspawn Enchanter began the quest for the
                  | Orb.
     0 | D:1      | Reached XP level 1. HP: 13/13 MP: 3/3
   250 | D:1      | Gained mutation: You are partially covered in icy blue
                  | scales. (AC +2) [demonic ancestry]
   250 | D:1      | Reached XP level 2. HP: 8/19 MP: 5/5
   321 | D:1      | Learned a level 2 spell: Ensorcelled Hibernation
  1410 | D:2      | Reached XP level 3. HP: 24/24 MP: 6/6
  1414 | D:2      | Learned a level 3 spell: Confusing Touch
  1663 | D:2      | Identified the +2 leather armour "Fiuclewneff" {rN+ Stlth+}
  1964 | D:2      | Noticed Jessica
  1972 | D:2      | Killed Jessica
  1973 | D:2      | Reached skill level 1 in Short Blades
  1973 | D:2      | Reached XP level 4. HP: 30/30 MP: 5/8
  2054 | D:2      | Learned a level 3 spell: Tukima's Dance
  3006 | D:3      | Gained mutation: You have a pair of small antennae on your
                  | head. [demonic ancestry]
  3006 | D:3      | Reached XP level 5. HP: 35/35 MP: 3/9
  3573 | D:3      | Found an ornate altar of the Wu Jian Council.
  3573 | D:3      | Found a radiant altar of Vehumet.
  3822 | D:4      | Reached skill level 5 in Hexes
  3862 | D:4      | Found Matteor's Neck Hole.
  3965 | D:4      | Reached skill level 1 in Fighting
  4013 | D:4      | Reached XP level 6. HP: 32/44 MP: 3/10
  4887 | D:4      | You fall into a shaft and drop 1 floor!
  4887 | D:5      | Entered Level 5 of the Dungeon
  4950 | D:5      | Reached skill level 1 in Ice Magic
  5259 | D:4      | Gained mutation: Spells you cast may paralyse adjacent
                  | enemies. [demonic ancestry]
  5259 | D:4      | Reached XP level 7. HP: 30/51 MP: 9/11
  5576 | D:5      | Noticed Grinder
  5609 | D:5      | Killed Grinder
  5945 | D:5      | Noticed Pikel
  5978 | D:5      | Killed Pikel
  5979 | D:5      | Reached skill level 5 in Fighting
  5979 | D:5      | Reached XP level 8. HP: 42/62 MP: 4/13
  6193 | D:5      | Noticed Sigmund
  6208 | D:5      | Killed Sigmund
  6343 | D:5      | Reached skill level 5 in Short Blades
  6343 | D:5      | Noticed Menkaure
  6354 | D:5      | Killed Menkaure
  6671 | D:5      | Found a staircase to the Ecumenical Temple.
  6672 | D:5      | Noticed Edmund
  6680 | D:5      | Killed Edmund
  6681 | D:5      | Reached skill level 5 in Stealth
  6684 | Temple   | Entered the Ecumenical Temple
  7114 | Temple   | Became a worshipper of Dithmenos the Shadowed
  7211 | D:5      | Gained mutation: You have a pair of antennae on your head.
                  | [demonic ancestry]
  7211 | D:5      | Reached XP level 9. HP: 52/68 MP: 12/16
  7504 | D:6      | Reached skill level 5 in Spellcasting
  7533 | D:6      | Found Esem's Book Boutique.
  8419 | D:7      | Found a flagged portal.
  8450 | Bailey   | Entered a bailey
  8509 | Bailey   | Noticed an orc warlord
  8549 | Bailey   | Reached * piety under Dithmenos
  8723 | Bailey   | Found a runed translucent gate.
  8726 | Bailey   | Found a runed translucent gate.
  8727 | Bailey   | Found a runed translucent gate.
  8898 | Bailey   | Slain by an orc warlord

Illustrated notes

Levels and vault maps discovered:
D:1:      minmay_arrival_four_circles, layout_loops_corners,
          reono_crystal_passage, minmay_split_cup_large
D:2:      layout_loops_ring, minmay_puff, uniq_jessica
D:3:      layout_basic, nicolae_overflow_two_pavilions, minmay_mini_jars
D:4:      layout_layer_cave, nicolae_shop_sticking_my_neck_out
D:5:      layout_cave_pools, minmay_temple_entry_metal_lava,
          sigmund_edmund_badplayer, uniq_grinder, uniq_pikel, uniq_menkaure
D:6:      nicolae_BIG_FREAKIN_CUBE, layout_basic, serial_shops,
          nicolae_shop_stone, kennysheep_flooded_box, minmay_misc_feat_ornament,
          supply_closet_lemuel
D:7:      layout_loops_ring, enter_bailey_7, minivault_23
Temple:   mainiacjoe_temple_big_plus
Bailey:   bailey_axe_bossmonster_kennysheep, bailey

Skill      XL: |  1  2  3  4  5  6  7  8  9 |
---------------+----------------------------+-----
Stealth        | 3 5 6 |  6.6
Spellcasting   | 3 4 5 |  5.0
Short Blades   | 1 2 3 4 5 6 |  6.7
Hexes          | 4 5 |  5.0
Fighting       | 1 2 5 |  5.0
Ice Magic      | 1 3 4 |  4.6
Dodging        | |  1.7

Action                     |  1- 3 |  4- 6 |  7- 9 || total
---------------------------+-------+-------+-------++-------
  Melee: Dagger            |   111 |   167 |   208 ||   486
         Punch             |     2 |     2 |     4 ||     8
   Cast: Ensorcelled Hiber |    21 |    44 |    46 ||   111
         Confusing Touch   |       |     4 |    13 ||    17
    Use: Scroll            |       |    12 |     5 ||    17
         Potion            |       |       |     1 ||     1
   Stab: Sleeping          |    15 |    38 |    34 ||    87
         Confused          |       |     2 |     4 ||     6
         Distracted        |       |     2 |       ||     2
         Paralysed         |       |       |    30 ||    30
 Armour: Robe              |    26 |    62 |    28 ||   116
  Dodge: Dodged            |    66 |    88 |    65 ||   219

Table legend: (Time is in decaauts)
 A = Elapsed time spent in this place.
 B = Non-inter-level travel time spent in this place.
 C = Inter-level travel time spent in this place.
 D = Time resting spent in this place.
 E = Time spent auto-exploring this place.
 F = Levels seen in this place.
 G = Mean time per level.
                   A        B        C        D        E       F      G
               +--------+--------+--------+--------+--------+-----+--------+
         Total |   8826 |   8536 |    290 |   2588 |   4045 |   9 |  980.7 |
       Dungeon |   7940 |   7686 |    254 |   2468 |   3631 |   7 | 1134.3 |
        Temple |    452 |    416 |     36 |      0 |    411 |   1 |  452.0 |
        Bailey |    432 |    432 |      0 |    120 |      3 |   1 |  432.0 |
               +--------+--------+--------+--------+--------+-----+--------+

Top non-repeatable levels by time:
     D:4: 1767 daAuts
     D:3: 1445 daAuts
     D:1: 1325 daAuts
     D:2: 1208 daAuts
     D:5: 1201 daAuts
     D:6: 907 daAuts
  Temple: 452 daAuts
  Bailey: 432 daAuts
     D:7: 85 daAuts
